 Dungeon Crawl Stone Soup version 0.30.1-6-gbe392663c4 (webtiles) character file.

Game seed: 3064378701255121330

62 Muruk the Grave Robber (level 3, -4/33 HPs)
             Began as a Demigod Necromancer on Sept 20, 2023.
             Slain by Sigmund
             ... wielding a +0 scythe
              (9 damage)
             ... on level 2 of the Dungeon.
             The game lasted 00:05:28 (1351 turns).

Muruk the Grave Robber (Demigod Necromancer)        Turns: 1351, Time: 00:05:28

Health: -4/33      AC:  2    Str:  9    XL:     3   Next: 60%
Magic:  1/8        EV: 19    Int: 17    God:
Gold:   95         SH:  0    Dex: 18    Spells: 2/6 levels left

rFire   . . .        a - +0 rapier
rCold   . . .        (no shield)
rNeg    . . .        e - +0 robe
rPois   .            (no helmet)
rElec   .            (no cloak)
rCorr   .            (no gloves)
SInv    .            (no boots)
Will    .....        (no amulet)
Stlth   ++           i - +5 ring of evasion {=R}
HPRegen 0.25/turn    (no ring)
MPRegen 0.11/turn

%: no passive effects
@: invisible
A: high MP 1, forlorn, divine attributes
a: no special abilities


You were on level 2 of the Dungeon.
You visited 1 branch of the dungeon, and saw 2 of its levels.

You collected 95 gold pieces.

Inventory:

Hand Weapons
 a - a +0 rapier (weapon)
 b - a +0 sling
Missiles
 j - a throwing net {=F}
 o - 6 poisoned darts
Armour
 e - a +0 robe (worn)
Jewellery
 i - a +5 ring of evasion (left hand) {=R}
Scrolls
 d - a scroll of silence
Potions
 c - a potion of magic
 f - 3 potions of mutation
 g - a potion of lignification
 k - 2 potions of brilliance


   Skills:
 - Level 3.9 Fighting
 - Level 4.4 Dodging
 - Level 1.7 Stealth
 + Level 2.1 Spellcasting
 * Level 7.2 Necromancy


You had 2 spell levels left.
You knew the following spells:

 Your Spells              Type           Power      Damage    Failure   Level
a - Necrotise             Necr           100%       1d9       1%          1
b - Vampiric Draining     Necr           26%        2d7       3%          3

Your spell library contained the following spells:

 Spells                   Type           Power      Damage    Failure   Level
 Shock                    Conj/Air       4%         1d3       19%         1
 Animate Dead             Necr           26%        N/A       10%         4
 Agony                    Necr           26%        N/A       26%         5
 Swiftness                Air            1%         N/A       50%         3
 Airstrike                Air            0%         2d(1-17)  88%         4


Dungeon Overview and Level Annotations

Branches:
Dungeon (2/15)

Annotations:
D:2 Sigmund


Innate Abilities, Weirdness & Mutations

You have an increased reservoir of magic. (+10% MP)
You shall have no god before yourself.
Your divine heritage dramatically boosts your attributes as you level up.


Message History

Aiming: Vampiric Draining (dangerous; 3% risk of failure)
Press: ? - help, Shift-Dir - straight line You draw life force from something!
You feel life coursing into your body. Something hits you.
The rat bites you but does no damage.
Casting: Vampiric Draining (dangerous; 3% risk of failure)
Confirm with . or Enter, or press ? or * to list all spells.
Aiming: Vampiric Draining (dangerous; 3% risk of failure)
Press: ? - help, Shift-Dir - straight line You draw life force from something!
You feel life coursing into your body. Something hits you.
The rat completely misses you.
Casting: Vampiric Draining (dangerous; 3% risk of failure)
Confirm with . or Enter, or press ? or * to list all spells.
Aiming: Necrotise (safe; 1% risk of failure)
Press: ? - help, Shift-Dir - straight line Nothing appears to happen.
Something misses you. The rat completely misses you.
a - a +0 rapier (weapon)
The rat bites you but does no damage.
You hear some strange, mumbled words.
You are confused.
Something closely misses you. The rat closely misses you.
Something closely misses you.
You hit the rat but do no damage. The rat closely misses you.
Something hits you!
* * * LOW HITPOINT WARNING * * *
The rat attacks as you move away! The rat completely misses you.
You bump into the rock wall.
Something completely misses you. The rat misses you.
You hit the rat but do no damage. Something barely misses you.
The rat closely misses you.
You feel less confused. Something hits you!
* * * LOW HITPOINT WARNING * * *
The rat bites you.
* * * LOW HITPOINT WARNING * * *
It was a potion of invisibility.
You fade into invisibility!
You hear some strange, mumbled words.
Something tries to affect you, but you resist.
The rat misses you. Something hits you!
You die...

......#.#..######...##≈≈≈#
...........#..>.........##
......###..#.####Z#.....#
#.....# #....<...##.....#
#~....###.##..#.#.#.....#
~....#....##....##......#
.~...##...##..#.##......#
≈≈≈≈≈≈........#.##†###..##
............<..r@#....>..#
####.###.#.....{...###....
#.# ##..#.....#.###.... #.
##................
#.##.#........... #.
#.####.##..... . ..# #(#
#.... ## #### #.# #...
##.# .##


You could see a rat (unable to see you).

Vanquished Creatures
  4 ball pythons
  4 endoplasms (D:1)
  3 goblins (D:1)
  5 hobgoblins
  5 jackals
  2 quokkas
  3 bats (D:1)
  4 kobolds (D:1)
  A rat (D:2)
31 creatures vanquished.

Vanquished Creatures (collateral kills)
  A kobold (D:1)
1 creature vanquished.

Grand Total: 32 creatures vanquished

Notes
Turn   | Place    | Note
-------+----------+-------------------------------------------
     0 | D:1      | Muruk the Demigod Necromancer began the quest for the Orb.
     0 | D:1      | Reached XP level 1. HP: 14/14 MP: 5/5
   271 | D:1      | Reached XP level 2. HP: 20/20 MP: 7/7
   299 | D:1      | Reached skill level 7 in Necromancy
   299 | D:1      | Reached XP level 3. HP: 33/33 MP: 8/8
   337 | D:1      | Learned a level 3 spell: Vampiric Draining
  1317 | D:2      | Noticed Sigmund
  1351 | D:2      | Slain by Sigmund

Illustrated notes

Levels and vault maps discovered:
D:1:      minmay_arrival_three_doors, layout_loops_corners, st_stairs_10,
          corexii_hall_statues_deadend
D:2:      layout_loops_ring, serial_rivers, chequers_serial_rivers_micro_e,
          chequers_serial_rivers_micro_d, chequers_serial_rivers_micro_b,
          chequers_serial_rivers_micro_d, chequers_serial_rivers_small_3,
          chequers_serial_rivers_small_b, minmay_lizard_king, uniq_sigmund

Skill      XL: |  1  2 |
---------------+-------+-----
Spellcasting   | 2 |  2.1
Fighting       | 3 |  3.9
Dodging        | 4 |  4.4
Necromancy     | 7 |  7.2
Stealth        | |  1.7

Action                     || total
---------------------------++-------
  Melee: Rapier            ||     2
   Fire: Sling             ||    26
   Cast: Necrotise         ||    36
         Vampiric Draining ||     2
    Use: Scroll            ||     7
         Potion            ||     3
 Armour: Robe              ||     3
  Dodge: Dodged            ||    23
